 Dungeon Crawl Stone Soup version 0.31-a0-968-g24f9ace8b5 (webtiles) character file.

Game seed: 15420298473520822095

115850 Persephone the Executioner (level 16, -6/144 HPs)
             Began as a Minotaur Monk on Oct 26, 2023.
             Was the Champion of Okawaru.
             Shot with an arrow by a naga sharpshooter (17 damage)
             ... on level 1 of the Snake Pit on Oct 27, 2023.
             The game lasted 00:43:58 (27864 turns).

Persephone the Executioner (Minotaur Monk)         Turns: 27864, Time: 00:43:59

Health: -6/144     AC: 28    Str: 25    XL:     16   Next: 19%
Magic:  0/15       EV: 17    Int:  7    God:    Okawaru [******]
Gold:   1522       SH:  5    Dex: 17    Spells: 15/15 levels left

rFire   + . .        L - +4 executioner's axe (flame)
rCold   + . .        (shield currently unavailable)
rNeg    + . .        A - +4 plate armour of Xaem {rN+ Will+ Str+3 Dex+2}
rPois   .            M - +1 hat {Will+}
rElec   .            y - +1 cloak
rCorr   .            C - +2 pair of gloves {infuse}
SInv    .            v - +2 pair of slick slippers {slick, slippery, EV+4}
Will    +++..        Y - amulet of reflection Stlth
                     b - ring of protection from fire
HPRegen 0.44/turn    I - ring of protection from cold
MPRegen 0.14/turn

%: reflection
@: hasted (expiring), very quick
A: horns 2, retaliatory headbutt
a: Renounce Religion, Heroism, Finesse, Duel


You were on level 1 of the Snake Pit.
You worshipped Okawaru.
Okawaru was exalted by your worship.
You visited 5 branches of the dungeon, and saw 24 of its levels.

You collected 2597 gold pieces.
You spent 1075 gold pieces at shops.

Inventory:

Hand Weapons
 r - a +2 war axe of venom
 L - a +4 executioner's axe of flaming (weapon)
Missiles
 c - 5 throwing nets
 m - 8 atropa-tipped darts
 q - 7 curare-tipped darts
 w - 6 darts of dispersal
 D - 3 poisoned darts
 H - a javelin
 R - 16 boomerangs (quivered)
 T - 11 silver javelins
Armour
 v - the +2 pair of slick slippers (worn) {slick, slippery, EV+4}
   (You bought it in a shop on level 2 of the Orcish Mines)

   Slick:     Its wearer cannot be constricted, engulfed, netted or webbed.
   Slippery:  Its wearer slips away from damaging melee attacks, pulling the
   attacker onward.
   EV+4:      It affects your evasion (+4).
 y - a +1 cloak (worn)
 A - the +4 plate armour of Xaem (worn) {rN+ Will+ Str+3 Dex+2}
   (Okawaru gifted it to you on level 2 of the Orcish Mines)

   Str+3:     It affects your strength (+3).
   Dex+2:     It affects your dexterity (+2).
   rN+:       It protects you from negative energy.
   Will+:     It increases your willpower.
 C - a +2 pair of gloves of infusion (worn)
 M - a +1 hat of willpower (worn)
Jewellery
 b - a ring of protection from fire (left hand)
 E - an amulet of magic regeneration
 I - a ring of protection from cold (right hand)
 Y - an amulet of reflection (around neck)
 Z - a ring of protection from cold
Wands
 a - a wand of light (10)
 i - a wand of iceblast (41)
 P - a wand of mindburst (9)
 X - a wand of flame (49)
Scrolls
 d - a scroll of amnesia
 e - 7 scrolls of identify
 f - 9 scrolls of blinking
 h - 2 scrolls of brand weapon
 l - 11 scrolls of teleportation
 p - a scroll of fog
 u - 2 scrolls of enchant armour
 x - a scroll of revelation
 N - 2 scrolls of enchant weapon
Potions
 g - 6 potions of curing
 k - 5 potions of haste
 n - 3 potions of lignification
 o - a potion of ambrosia
 s - a potion of attraction
 t - 6 potions of enlightenment
 z - 5 potions of brilliance
 B - a potion of might
 F - 2 potions of heal wounds
 G - 6 potions of magic
 J - 2 potions of mutation
 U - a potion of resistance
 V - a potion of invisibility
 W - 2 potions of berserk rage
Miscellaneous
 j - a lightning rod (4/4)
 O - a condenser vane
 S - a phial of floods


   Skills:
 + Level 13.3 Fighting
 - Level 24.0 Axes
 + Level 10.8 Throwing
 + Level 12.7 Armour
 + Level 12.3 Dodging


You had 15 spell levels left.
You didn't know any spells.
Your spell library contained the following spells:

 Spells                   Type           Power      Damage    Failure   Level
 Foxfire                  Conj/Fire      0%         2x1d4     99%         1
 Freeze                   Ice            0%         1d3       99%         1
 Kiss of Death            Conj/Necr      0%         2d5       99%         1
 Necrotise                Necr           0%         1d4       99%         1
 Shock                    Conj/Air       0%         1d3       99%         1
 Slow                     Hex            0%         N/A       99%         1
 Scorch                   Fire           0%         2d5       99%         2
 Wereblood                Tmut           0%         N/A       99%         2
 Confusing Touch          Hex            0%         N/A       100%        3
 Dazzling Flash           Conj/Hex       0%         N/A       100%        3
 Frozen Ramparts          Ice            0%         1d1       100%        3
 Hailstorm                Conj/Ice       0%         3d3       100%        3
 Ozocubu's Armour         Ice            0%         N/A       100%        3
 Sigil of Binding         Hex            0%         N/A       100%        3
 Stone Arrow              Conj/Erth      0%         3d7       100%        3
 Swiftness                Air            0%         N/A       100%        3
 Vampiric Draining        Necr           0%         2d6       100%        3
 Airstrike                Air            0%         2d(0-16)  100%        4
 Dispel Undead            Necr           0%         3d6       100%        4
 Passage of Golubria      Tloc           0%         N/A       100%        4
 Petrify                  Tmut/Erth      0%         N/A       100%        4
 Agony                    Necr           0%         N/A       100%        5
 Metabolic Englaciation   Hex/Ice        0%         N/A       100%        5
 Silence                  Hex/Air        0%         N/A       100%        5
 Plasma Beam              Fire/Air       0%         2x1d10    100%        6
 Starburst                Conj/Fire      0%         6d3       100%        6
 Lehudib's Crystal Spear  Conj/Erth      0%         10d2      100%        8
 Animate Armour           Summ/Erth      Unusable   N/A       N/A         4
 Simulacrum               Ice/Necr       Unusable   N/A       N/A         6

Dungeon Overview and Level Annotations

Branches:
Dungeon (15/15)            Temple (1/1) D:7            Lair (5/5) D:9
  Swamp (0/4) Lair:3        Snake (1/4) Lair:3        Slime (0/5) Lair:4
    Orc (2/2) D:9             Elf (0/3) Orc:2        Vaults (0/5) D:13
 Depths (0/4) D:15

Altars:
Ashenzari
Cheibriados
Dithmenos
Elyvilon
Fedhas
Gozag
Hepliaklqana
Kikubaaqudgha
Makhleb
Nemelex Xobeh
Okawaru
Qazlal
Ru
Sif Muna
Trog
Uskayaw
Vehumet
Wu Jian
Xom
Yredelemnul
Zin
The Shining One
Jiyva

Shops:
D:3 [   D:5 [   D:6 *   Orc:2 :[![

Annotations:
D:6 2 transporters, Sundig's ghost, novice GnFi


Innate Abilities, Weirdness & Mutations

You have a pair of horns on your head.
You reflexively headbutt those who attack you in melee.


Message History

The naga hits you but does no damage.
Things that are here:
a +0 long sword; a naga corpse You slice the naga!!
You burn the naga!
The naga is severely wounded.
You slice the naga!! You burn the naga.
You kill the naga!
Okawaru accepts your kill.
You miss the black mamba.
Your extra speed is starting to run out.
The black mamba bites you but does no damage.
You slice the black mamba!! You burn the black mamba!
You headbutt the black mamba.
You kill the black mamba!
Okawaru accepts your kill.
Things that are here:
a +0 trident; a black mamba corpse; a black mamba corpse
Things that are here:
a +0 long sword; a naga corpse You slash the mana viper!
You burn the mana viper. You headbutt the mana viper!
The mana viper is heavily wounded.
The mana viper misses you.
You hit the mana viper but do no damage.
Your headbutt misses the mana viper.
The mana viper is heavily wounded.
The mana viper bites you!
* * * LOW HITPOINT WARNING * * *
You slip backwards!
A naga sharpshooter comes into view.
It is wielding a +0 halberd of protection.
You closely miss the mana viper.
The mana viper is heavily wounded.
You closely miss the mana viper. Your headbutt misses the mana viper.
The mana viper is heavily wounded.
The mana viper misses you.
You completely miss the mana viper.
The mana viper is heavily wounded.
The naga sharpshooter unwields a +0 halberd of protection.
The naga sharpshooter wields a +0 shortbow.
The naga sharpshooter shoots an arrow.
The arrow hits you!
You die...

....... ..
##.........# .N#
#..........#. #.#
#.# .......###..
#.# ............
#.####.....NN.#...
#.##......# .....
#S##.#N...# .....
#@##......# .....
#))N).....# ...(.
#.))).##### .(P(.
#....## ..((.
#......# .....
#.#....# .....
#......# #....
#..##### #$.## #..
#..


You could see a naga sharpshooter and a mana viper.

Vanquished Creatures
  Mlioglotl (Snake:1)
  Gastronok (Lair:1)
  The ghost of Avurgho the Martial Artist, a journeyman GnSh of Hepliaklqana (Lair:4)
  3 fire dragons
  7 hydras
  A catoblepas (D:14)
  Fannar (Lair:2)
  5 vault guards (D:13)
  An ice dragon (D:15)
  3 centaur warriors (D:13)
  3 two-headed ogres
  A boulder beetle (D:11)
  2 anacondas (Snake:1)
  3 tengu warriors
  10 death yaks
  3 naga warriors (Snake:1)
  6 orc high priests (Orc:2)
  2 naga sharpshooters (Snake:1)
  Sonja (Lair:2)
  Nergalle (D:11)
  A skyshark (Lair:3)
  13 skeletal warriors
  Amaemon (D:8)
  2 arcanists (D:13)
  A deep elf archer (D:12)
  3 deep elf pyromancers
  A naga ritualist (Snake:1)
  A wolf spider (Lair:5)
  3 mana vipers (Snake:1)
  6 orc knights
  3 ugly things
  A lindwurm (Lair:4)
  3 cyclopes
  2 salamanders (Snake:1)
  2 guardian serpents
  A torpor snail (Lair:3)
  12 black mambas
  12 elephants
  2 naga magi (Snake:1)
  Maggie (D:8)
  An unseen horror (D:12)
  20 cane toads
  8 orange demons
  Psyche (D:8)
  2 gargoyles
  A rime drake (Lair:2)
  11 komodo dragons
  6 yaktaurs
  A freezing wraith (D:15)
  An efreet (D:12)
  2 red devils (D:11)
  A wolf spider simulacrum (D:15)
  5 trolls
  3 hornets (Lair:5)
  6 polar bears
  Prince Ribbit (D:7)
  26 blink frogs
  A spectral dream sheep (Lair:4)
  Sigmund (D:4)
  3 wraiths
  3 shadows
  7 basilisks
  7 slime creatures
  18 wyverns
  52 yaks
  2 spriggans
  A human (D:13)
  The ghost of lessens the Ducker, an amateur GnGl (D:3)
  Grum (D:10)
  2 redbacks (Lair:5)
  3 vampire mosquitoes (D:13)
  A catoblepas simulacrum (Lair:4)
  3 swamp worms (Lair:3)
  Edmund (D:6)
  9 wargs
  14 nagas
  20 water moccasins
  18 orc warriors
  2 black bears
  A sky beast (D:7)
  4 ice beasts
  A black mamba simulacrum (Lair:4)
  8 ogres
  7 centaurs
  7 wolves
  2 phantoms
  3 kobold brigands
  15 bullfrogs
  3 gnoll sergeants
  5 scorpions
  12 wights
  2 troll zombies (D:9)
  6 killer bees (D:9)
  A dream sheep simulacrum (Lair:4)
  4 electric eels
  6 hounds
  2 jellies
  41 orc priests
  2 gnoll boudas
  2 sleepcaps (D:5)
  4 hell rats (Lair:2)
  2 iguanas (D:5)
  17 orc wizards
  6 ogre zombies (D:9)
  4 centaur simulacra
  A killer bee simulacrum (D:9)
  11 adders
  42 gnolls
  A shadow imp (D:8)
  4 white imps
  3 howler monkey simulacra (D:9)
  2 worms
  3 dart slugs
  103 orcs
  3 ball pythons
  5 bats
  6 endoplasms
  8 goblins
  7 hobgoblins
  16 jackals
  4 quokkas
  3 frilled lizards (D:2)
  3 gnoll skeletons (D:9)
  2 gnoll zombies (D:9)
  21 kobolds
  20 orc zombies (D:9)
  7 rats
835 creatures vanquished.

Notes
Turn   | Place    | Note
-------+----------+-------------------------------------------
     0 | D:1      | Persephone the Minotaur Monk began the quest for the Orb.
     0 | D:1      | Reached XP level 1. HP: 19/19 MP: 0/0
    85 | D:1      | Reached skill level 4 in Axes
   275 | D:1      | Reached XP level 2. HP: 25/26 MP: 1/1
   711 | D:1      | Reached skill level 5 in Axes
   874 | D:2      | Reached XP level 3. HP: 31/31 MP: 2/2
  1427 | D:2      | Reached XP level 4. HP: 39/39 MP: 3/3
  1576 | D:2      | Reached skill level 6 in Axes
  1839 | D:3      | Found Sygg's Antique Armour Shoppe.
  1964 | D:3      | Found a runed translucent door.
  1976 | D:3      | Noticed lessens's ghost (amateur GnGl)
  2336 | D:3      | Reached skill level 7 in Axes
  2336 | D:3      | Reached XP level 5. HP: 39/45 MP: 4/4
  2519 | D:3      | Reached skill level 8 in Axes
  2533 | D:3      | Reached XP level 6. HP: 11/51 MP: 5/5
  2814 | D:3      | Reached skill level 9 in Axes
  3351 | D:3      | Reached XP level 7. HP: 54/54 MP: 6/6
  3860 | D:3      | Killed lessens's ghost
  3861 | D:3      | Reached skill level 10 in Axes
  4028 | D:4      | Noticed Sigmund
  4097 | D:4      | Killed Sigmund
  4098 | D:4      | Reached skill level 11 in Axes
  4379 | D:4      | Found a hide-covered altar of Uskayaw.
  4593 | D:4      | Reached XP level 8. HP: 47/64 MP: 7/7
  5024 | D:5      | Entered Level 5 of the Dungeon
  5031 | D:5      | Reached skill level 12 in Axes
  5243 | D:5      | Found Beqone's Armour Shoppe.
  5314 | D:3      | Bought a pair of faintly humming boots for 171 gold pieces
  5314 | D:3      | Identified the -1 pair of boots "Guyk Reth" {rC+ Int+2}
                  | (You bought it in a shop on level 3 of the Dungeon)
  5326 | D:3      | Bought a heavily runed chain mail for 171 gold pieces
  5326 | D:3      | Identified the +10 chain mail of Fun and Games {Contam
                  | Rampage Str+9} (You bought it in a shop on level 3 of the
                  | Dungeon)
  5476 | D:5      | Reached skill level 13 in Axes
  5852 | D:6      | Reached skill level 14 in Axes
  5916 | D:6      | Reached XP level 9. HP: 53/70 MP: 8/8
  6201 | D:6      | Noticed Edmund
  6211 | D:6      | Killed Edmund
  6212 | D:6      | Reached skill level 15 in Axes
  6350 | D:6      | Found a transporter.
  6363 | D:6      | Noticed Sundig's ghost (novice GnFi)
  6399 | D:6      | Found a transporter.
  6561 | D:6      | Found Wetie's Serpentskin Sales.
  6826 | D:7      | Found a staircase to the Ecumenical Temple.
  6850 | Temple   | Entered the Ecumenical Temple
  6873 | Temple   | Became a worshipper of Warmaster Okawaru
  6873 | Temple   | Reached * piety under Okawaru
  6873 | Temple   | Reached ** piety under Okawaru
  7025 | D:7      | Reached skill level 16 in Axes
  7127 | D:7      | Reached skill level 1 in Armour
  7204 | D:7      | Noticed Prince Ribbit
  7217 | D:7      | Killed Prince Ribbit
  7218 | D:7      | Reached skill level 1 in Throwing
  7854 | D:8      | Found a radiant altar of Vehumet.
  7858 | D:8      | Found a shadowy altar of Dithmenos.
  7858 | D:8      | Found an ancient bone altar of Kikubaaqudgha.
  7858 | D:8      | Found a shimmering altar of Xom.
  8162 | D:8      | Reached XP level 10. HP: 80/80 MP: 9/9
  8240 | D:8      | Reached skill level 5 in Fighting
  8380 | D:8      | Noticed Amaemon
  8381 | D:8      | Noticed an orange demon
  8387 | D:8      | Killed Amaemon
  8387 | D:8      | Reached *** piety under Okawaru
  8388 | D:8      | Reached skill level 5 in Dodging
  8391 | D:8      | Killed an orange demon
  8504 | D:8      | Noticed Psyche
  8510 | D:8      | Killed Psyche
  8704 | D:8      | Noticed Maggie
  8713 | D:8      | Killed Maggie
  9069 | D:5      | Bought a +2 pair of gloves of infusion for 236 gold pieces
  9270 | D:9      | Found a staircase to the Lair.
  9276 | D:9      | Reached skill level 5 in Armour
  9281 | D:8      | Reached **** piety under Okawaru
  9563 | D:9      | Reached skill level 5 in Throwing
  9566 | D:9      | Reached XP level 11. HP: 76/92 MP: 0/10
  9567 | D:9      | Reached ***** piety under Okawaru
 10021 | D:9      | Received a gift from Okawaru
 10117 | D:9      | Found a staircase to the Orcish Mines.
 10165 | D:9      | Identified the +5 ring mail "Jiyrrium" {rElec rF+++ Will-
                  | rCorr}
 10370 | D:9      | Noticed a tengu warrior
 10378 | D:9      | Killed a tengu warrior
 10855 | D:9      | Found the +18 Lear's hauberk
 10955 | D:10     | Entered Level 10 of the Dungeon
 11017 | D:10     | Found a runed translucent door.
 11052 | D:10     | Noticed a two-headed ogre
 11059 | D:10     | Killed a two-headed ogre
 11087 | D:10     | You fall into a shaft and drop 2 floors!
 11087 | D:11     | Identified the "Nyplaomn"
 11264 | D:12     | Noticed a two-headed ogre
 11269 | D:12     | Killed a two-headed ogre
 11365 | D:12     | Noticed a deep elf pyromancer
 11373 | D:12     | Killed a deep elf pyromancer
 11428 | D:12     | Noticed a skeletal warrior
 11428 | D:12     | Noticed a skeletal warrior
 11428 | D:12     | Noticed a skeletal warrior
 11431 | D:12     | Noticed a skeletal warrior
 11431 | D:12     | Noticed a skeletal warrior
 11438 | D:12     | Killed a skeletal warrior
 11441 | D:12     | Killed a skeletal warrior
 11444 | D:12     | Killed a skeletal warrior
 11444 | D:12     | Received a gift from Okawaru
 11446 | D:12     | HP: 1/97 [skeletal warrior/+0 dire flail (11)]
 11448 | D:12     | Killed a skeletal warrior
 11448 | D:12     | Killed a skeletal warrior
 11449 | D:12     | Reached XP level 12. HP: 1/105 MP: 0/11
 11805 | D:12     | Noticed a boulder beetle
 11813 | D:11     | Noticed Nergalle
 11823 | D:11     | Killed Nergalle
 11824 | D:11     | Found the +7 staff of the Meek {protect, meekguard}
 11926 | D:11     | Received a gift from Okawaru
 12270 | D:11     | Reached skill level 10 in Fighting
 12377 | D:11     | Noticed a boulder beetle
 12379 | D:11     | Upgraded the game from 0.31-a0-965-g8a8ce12e04 to
                  | 0.31-a0-968-g24f9ace8b5
 12389 | D:11     | Killed a boulder beetle
 12534 | D:11     | Noticed a two-headed ogre
 12540 | D:11     | Killed a two-headed ogre
 12540 | D:11     | Reached ****** piety under Okawaru
 12540 | D:11     | Received a gift from Okawaru
 13618 | D:10     | Reached skill level 10 in Armour
 13621 | D:10     | Noticed Grum
 13627 | D:10     | Killed Grum
 13633 | D:10     | Reached skill level 10 in Dodging
 13887 | D:10     | Acquired a +4 executioner's axe of flaming
 13887 | D:10     | Received a gift from Okawaru
 13970 | Lair:1   | Entered Level 1 of the Lair of Beasts
 13983 | Lair:1   | Noticed Gastronok
 13991 | Lair:1   | Killed Gastronok
 14096 | Lair:1   | Received a gift from Okawaru
 14334 | Lair:1   | Reached XP level 13. HP: 116/116 MP: 4/12
 15087 | Lair:1   | Reached skill level 17 in Axes
 15257 | Lair:2   | Noticed Sonja
 15263 | Lair:2   | Killed Sonja
 15263 | Lair:2   | Noticed Fannar
 15439 | Lair:2   | Killed Fannar
 15439 | Lair:2   | Received a gift from Okawaru
 15547 | Lair:2   | Reached skill level 18 in Axes
 15880 | Lair:2   | Reached skill level 19 in Axes
 16068 | Lair:2   | Received a gift from Okawaru
 16969 | Lair:3   | Found a staircase to the Snake Pit.
 17380 | Lair:3   | Reached skill level 20 in Axes
 17629 | Lair:3   | Found a staircase to the Swamp.
 17634 | Lair:3   | Received a gift from Okawaru
 17639 | Lair:3   | Reached XP level 14. HP: 99/124 MP: 5/13
 18452 | Lair:4   | Found a staircase to the Slime Pits.
 18452 | Lair:4   | Found a viscous altar of Jiyva.
 18681 | Lair:4   | Reached skill level 21 in Axes
 18796 | Lair:4   | Found a runed translucent gate.
 18796 | Lair:4   | Found a runed translucent gate.
 18797 | Lair:4   | Found a runed translucent gate.
 18799 | Lair:4   | Noticed Avurgho's ghost (journeyman GnSh)
 18809 | Lair:4   | Received a gift from Okawaru
 19412 | Lair:4   | Killed Avurgho's ghost
 19516 | Lair:4   | Identified the +9 orcbow of Perversion {speed, rC+ MP+9
                  | Int-3}
 19728 | Lair:5   | Entered Level 5 of the Lair of Beasts
 19735 | Lair:5   | Received a gift from Okawaru
 19836 | Lair:5   | Reached skill level 22 in Axes
 20406 | Lair:5   | Received a gift from Okawaru
 20667 | Lair:5   | Reached skill level 23 in Axes
 21305 | Lair:5   | Received a gift from Okawaru
 21306 | Lair:5   | Reached XP level 15. HP: 130/130 MP: 12/14
 21521 | Lair:5   | Identified the +2 ring mail of Orthodoxy {rN+ MP+9}
 21767 | Orc:1    | Entered Level 1 of the Orcish Mines
 22327 | Orc:2    | Entered Level 2 of the Orcish Mines
 22554 | Orc:2    | Reached skill level 24 in Axes
 22885 | Orc:2    | Found Sekopoesch's Book Shop.
 22974 | Orc:2    | Found Wimoipt's Armour Shoppe.
 23096 | Orc:2    | Bought the +2 pair of slick slippers {slick, slippery,
                  | EV+4} for 497 gold pieces
 23096 | Orc:2    | Found the +2 pair of slick slippers {slick, slippery, EV+4}
 23255 | Orc:2    | Found a staircase to the Elven Halls.
 23559 | Orc:2    | Found Vihogoal's Armour Shoppe.
 23559 | Orc:2    | Found Ytsisymy's Distillery.
 23622 | Orc:2    | Acquired the +4 plate armour of Xaem {rN+ Will+ Str+3
                  | Dex+2}
 23622 | Orc:2    | Received a gift from Okawaru
 23794 | D:12     | Received a gift from Okawaru
 24016 | D:12     | Identified the +3 glaive of Twisting Infinite Pain {vamp,
                  | rElec MP+9}
 24696 | D:13     | Received a gift from Okawaru
 25057 | D:13     | Found a gate to the Vaults.
 25404 | D:13     | Reached skill level 10 in Throwing
 26110 | D:14     | Received a gift from Okawaru
 26494 | D:15     | Entered Level 15 of the Dungeon
 27110 | D:15     | Found a staircase to the Depths.
 27476 | Snake:1  | Entered Level 1 of the Snake Pit
 27500 | Snake:1  | Noticed Mlioglotl
 27507 | Snake:1  | Noticed a tentacled starspawn
 27510 | Snake:1  | Killed Mlioglotl
 27619 | Snake:1  | Reached XP level 16. HP: 114/141 MP: 11/15
 27739 | Snake:1  | Received a gift from Okawaru
 27864 | Snake:1  | Shot with an arrow by a naga sharpshooter

Illustrated notes

Levels and vault maps discovered:
D:1:      dpeg_arrival_rooms_b, layout_loops_ring, serial_glass,
          glass_columns_b, glass_columns_a, bh_walls_and_bars
D:2:      layout_loops_corners
D:3:      lemuel_castle_with_subvaults [lemuel_castle_interior_original],
          layout_basic, ebering_ghost_sewer_d, serial_shops,
          nicolae_shop_hallway_stairs
D:4:      layout_cave_pools, mainiacjoe_overflow_alcove_2, minivault_26,
          uniq_sigmund
D:5:      layout_cave_pools, chequers_arboretum, kennysheep_windowed_goal
D:6:      layout_cave_pools, gammafunk_ghost_stat_death, guppyfry_shop_venom,
          uniq_edmund
D:7:      layout_basic, minmay_temple_entry_statues_pillars,
          amcnicky_mini_corridor_feature, hangedman_decor_growths,
          uniq_prince_ribbit1
D:8:      layout_basic, chequers_temple_overflow_statue_of_worship, the_hattery,
          uniq_amaemon, uniq_maggie, uniq_psyche
D:9:      cheibrodos_iron_armory, layout_cave_pools, erik_lair_orcish_takeover,
          zombieorc2_lemuel, serial_ice, serial_ice_l, serial_ice_g,
          serial_ice_d, serial_ice_h, serial_ice_m, serial_ice_c,
          hellmonk_guarded_unrand_lears
D:10:     layout_roguey, lightli_church_of_beogh, uniq_grum
D:11:     layout_cave_pools, serial_bayou_pond_d, minmay_beelzebubs_servants,
          uniq_nergalle
D:12:     minmay_the_grid_triangle_9x9_recursive_2
          [minmay_the_grid_triangle_9x9_prize_insulated,
          minmay_the_grid_triangle_9x9_windchime,
          minmay_the_grid_triangle_9x9_longest,
          minmay_the_grid_triangle_9x9_zippers_horizontal], layout_basic
D:13:     layout_irregular_city, grunt_vaults_entry_fortified
D:14:     layout_roguey, minmay_misc_feat_tower
D:15:     grunt_enter_depths_hoard, layout_cave_pools, serial_rivers,
          chequers_serial_rivers_small_a, chequers_serial_rivers_marsh,
          chequers_serial_rivers_small_b, chequers_serial_rivers_marsh,
          minmay_misc_feat_five, drop_trap
Temple:   bh_familiar_temple
Lair:1:   layout_regular_city, serial_bayou, serial_bayou_pond_b,
          serial_bayou_pond_d, serial_bayou_shore_a, serial_bayou_pond_d,
          nicolae_lair_lil_pond, infiniplex_staircase_pool_2, uniq_gastronok
Lair:2:   layout_hall_layers, grunt_megastairs_4, uniq_fannar, uniq_sonja
Lair:3:   layout_roguey, minmay_swamp_entry_worms, guppyfry_snake_entry_island
Lair:4:   layout_hall_layers, slime_entry_1, gammafunk_ghost_necromancy,
          grunt_forest_large_clearing_hut
Lair:5:   hangedman_lair_tendril_chambers, layout_gridlike
Snake:1:  cheibrodos_toxic_ritual, layout_rooms, lemuel_fruit_tree,
          uniq_mlioglotl
Orc:1:    layout_caves
Orc:2:    st_orc_town, layout_caves

Skill      XL: |  1  2  3  4  5  6  7  8  9 10 11 12 13 14 15 16 |
---------------+-------------------------------------------------+-----
Axes           | 4 5 7 8 9 11 14 16 20 23 24 | 24.0
Armour         | 2 6 8 10 12 | 12.7
Fighting       | 4 7 9 11 12 13 | 13.3
Throwing       | 2 5 7 8 9 10 | 10.8
Dodging        | 4 6 8 10 12 | 12.3

Action                     |  1- 3 |  4- 6 |  7- 9 | 10-12 | 13-15 | 16-18 || total
---------------------------+-------+-------+-------+-------+-------+-------++-------
  Melee: Hand axe          |    62 |   142 |    49 |       |       |       ||   253
         Headbutt          |    13 |    31 |    47 |    88 |   130 |    14 ||   323
         War axe           |       |       |   164 |   329 |       |       ||   493
         Executioner's axe |       |       |       |    24 |   714 |    61 ||   799
  Throw: Dart              |    24 |     8 |   180 |   124 |    92 |       ||   428
         Javelin           |       |       |    14 |    16 |   131 |       ||   161
         Boomerang         |       |       |       |       |    69 |    31 ||   100
 Invoke: Heroism           |       |       |       |     2 |     1 |       ||     3
         Receive Weapon    |       |       |       |     1 |       |       ||     1
         Finesse           |       |       |       |       |     2 |       ||     2
         Receive Armour    |       |       |       |       |     1 |       ||     1
    Use: Scroll            |     2 |     4 |     9 |     1 |    11 |     2 ||    29
         Potion            |       |     2 |       |     1 |       |     5 ||     8
   Stab: Sleeping          |       |       |       |     1 |       |       ||     1
 Armour: Robe              |    18 |       |       |       |       |       ||    18
         Ring mail         |    11 |    91 |    54 |       |       |       ||   156
         Chain mail        |       |       |    67 |   312 |   304 |       ||   683
         Plate armour      |       |       |       |       |   128 |    49 ||   177
  Dodge: Dodged            |    36 |    85 |    84 |   194 |   336 |    46 ||   781
  Block: Other             |       |       |       |       |    74 |     7 ||    81
         Reflection        |       |       |       |       |    12 |     2 ||    14

Table legend: (Time is in decaauts)
 A = Elapsed time spent in this place.
 B = Non-inter-level travel time spent in this place.
 C = Inter-level travel time spent in this place.
 D = Time resting spent in this place.
 E = Time spent auto-exploring this place.
 F = Levels seen in this place.
 G = Mean time per level.
                   A        B        C        D        E       F      G
               +--------+--------+--------+--------+--------+-----+--------+
         Total |  27521 |  26014 |   1507 |      0 |  22405 |  24 | 1146.7 |
       Dungeon |  17457 |  16447 |   1010 |      0 |  14145 |  15 | 1163.8 |
        Temple |     45 |      1 |     44 |      0 |      0 |   1 |   45.0 |
          Lair |   7887 |   7475 |    412 |      0 |   6553 |   5 | 1577.4 |
     Snake Pit |    269 |    269 |      0 |      0 |    119 |   1 |  269.0 |
  Orcish Mines |   1861 |   1822 |     39 |      0 |   1587 |   2 |  930.5 |
               +--------+--------+--------+--------+--------+-----+--------+

Top non-repeatable levels by time:
     D:3: 2306 daAuts
  Lair:5: 1901 daAuts
     D:8: 1641 daAuts
  Lair:1: 1602 daAuts
  Lair:4: 1590 daAuts
  Lair:3: 1544 daAuts
     D:9: 1465 daAuts
    D:12: 1416 daAuts
   Orc:2: 1291 daAuts
    D:13: 1263 daAuts
  Lair:2: 1249 daAuts
    D:11: 1154 daAuts
     D:7: 1144 daAuts
    D:10: 1100 daAuts
     D:4: 1066 daAuts
